 Dungeon Crawl Stone Soup version 0.21.1-1-g345015fe64 (webtiles) character file.

221 Ivernyr the Bolt Thrower (level 5, 0/46 HPs)
             Began as a Deep Dwarf Arcane Marksman on Apr 4, 2018.
             Slain by a gnoll
             ... wielding a +0 whip
              (3 damage)
             ... on level 3 of the Dungeon.
             The game lasted 00:08:46 (1848 turns).

Ivernyr the Bolt Thrower (DDAM)                     Turns: 1848, Time: 00:08:46

Health: 0/46       AC:  2    Str: 14    XL:     5   Next: 65%
Magic:  6/6        EV: 12    Int: 13    God:
Gold:   47         SH:  0    Dex: 14    Spells: 5/6 levels left

rFire    . . .     SeeInvis .   a - +0 hand crossbow
rCold    . . .     Gourm    .   (no shield)
rNeg     . . .     Faith    .   e - +0 robe
rPois    .         Spirit   .   (no helmet)
rElec    .         Reflect  .   (no cloak)
rCorr    .         Harm     .   (no gloves)
MR       .....                  (no boots)
Stlth    +.........             (no amulet)
HPRegen  0.00/turn              (no ring)
MPRegen  0.10/turn              (no ring)

@: non-regenerating
A: damage resistance, heal wounds, sense surroundings 1, no regeneration
a: Heal Wounds


You were on level 3 of the Dungeon.
You were not hungry.

You visited 1 branch of the dungeon, and saw 3 of its levels.

You collected 47 gold pieces.

Inventory:

Hand Weapons
 a - a +0 hand crossbow (weapon)
 q - a +2 whip of freezing
Missiles
 d - 36 bolts (quivered)
Armour
 e - a +0 robe (worn)
Wands
 k - a wand of acid (10)
Scrolls
 b - 2 scrolls of remove curse {unknown}
 h - a scroll of blinking {unknown}
 i - 5 scrolls of identify {unknown}
 l - a scroll of fear {unknown}
Potions
 g - 2 potions of agility {unknown}
 m - a potion of curing {unknown}
Books
 c - a book of Debilitation

   Spells                             Type                      Level
   a - Corona                         Hexes                        1
   b - Slow                           Hexes                        2
   c - Inner Flame                    Hexes/Fire                   3
   d - Portal Projectile              Hexes/Translocation          3
   e - Cause Fear                     Hexes                        4
   f - Leda's Liquefaction            Hexes/Earth                  4
Comestibles
 f - a ration
 j - 3 chunks of flesh


   Skills:
 + Level 2.5 Fighting
 * Level 4.8 Crossbows
 + Level 2.8 Armour
 - Level 2.1 Dodging
 - Level 1.0 Spellcasting
 - Level 2.4 Hexes


You had 5 spell levels left.
You knew the following spells:

 Your Spells              Type           Power        Failure   Level  Hunger
a - Corona                Hex            #......      11%         1    ##.....


Dungeon Overview and Level Annotations

Branches:
Dungeon (3/15)

Altars:
Fedhas
Trog
Zin


Innate Abilities, Weirdness & Mutations

You are resistant to damage.
You can heal yourself by infusing magical energy.
You passively map a small area around you.
You do not regenerate.


Message History

Aim: a gnoll (moderately wounded)
You shoot a bolt. The bolt hits the gnoll!
The gnoll is severely wounded.
The gnoll hits you! The gnoll barely misses you. The gnoll hits you!
Firing (i - inventory):
d - 38 bolts (quivered)
Press: ? - help, Shift-Dir - straight line, f/p - gnoll
Aim: a gnoll (severely wounded)
You shoot a bolt. The bolt hits the gnoll.
You kill the gnoll!
The gnoll hits you with a whip!
* * * LOW HITPOINT WARNING * * *
The gnoll closely misses you. The gnoll hits you with a whip.
* * * LOW HITPOINT WARNING * * *
Firing (i - inventory):
d - 37 bolts (quivered)
Press: ? - help, Shift-Dir - straight line, f - gnoll
Aim: a gnoll, wielding a whip You shoot a bolt.
The bolt hits the gnoll!
The gnoll is almost dead.
The gnoll misses you. The gnoll hits you with a whip.
You die...

#.......♣_♣............. #.....
#........♣...#..........*#.....
#............#........#..#.##..
#......#######.#..#.## ,... .#
#.......## #.##.. * ...,>.
#........# #.... , ########.#
#..# ,* #.## ##..#* , ,
#..###g@.# , ##....(..# *, ,
###.g...### , #(........ , ,, *
* #........... , .(...........
, ,,..(.#.....####. *
*###.##.....# * * * .. ...$..#
*


You could see 2 gnolls.

Vanquished Creatures
  A hound (D:2)
  2 orc priests
  2 gnolls (D:3)
  4 adders
  An ooze (D:2)
  A worm (D:3)
  2 dart slugs
  4 leopard geckos
  An orc (D:2)
  A ball python (D:2)
  A bat (D:2)
  A giant cockroach (D:1)
  9 goblins
  7 hobgoblins
  7 jackals
  A frilled lizard (D:2)
  6 kobolds
  11 rats
62 creatures vanquished.

Notes
Turn   | Place    | Note
-------+----------+-------------------------------------------
     0 | D:1      | Ivernyr the Deep Dwarf Arcane Marksman began the quest for the Orb.
     0 | D:1      | Reached XP level 1. HP: 16/16 MP: 2/2
    29 | D:1      | Reached skill level 1 in Fighting
    54 | D:1      | Reached XP level 2. HP: 23/25 MP: 3/3
   114 | D:1      | Reached skill level 1 in Armour
   232 | D:1      | Reached skill level 3 in Crossbows
   279 | D:1      | Reached XP level 3. HP: 28/31 MP: 4/4
   651 | D:2      | Noticed a moth of wrath
   653 | D:2      | Found a bloodstained altar of Trog.
   804 | D:2      | Reached XP level 4. HP: 37/39 MP: 5/5
   806 | D:2      | Found a bloodstained altar of Trog.
  1406 | D:2      | Reached skill level 4 in Crossbows
  1520 | D:3      | Found a glowing silver altar of Zin.
  1549 | D:2      | Reached XP level 5. HP: 15/45 MP: 6/6
  1783 | D:3      | Found a blossoming altar of Fedhas.
  1817 | D:3      | Found a faded altar of an unknown god.
  1848 | D:3      | Slain by a gnoll

Skill      XL: |  1  2  3  4 |
---------------+-------------+-----
Fighting       | 1 2 |  2.5
Armour         | 1 2 |  2.8
Crossbows      | 3 4 |  4.8
Dodging        | |  2.1
Spellcasting   | |  1.0
Hexes          | |  2.4

Action                   |  1- 3 |  4- 6 || total
-------------------------+-------+-------++-------
Melee: Whip              |    98 |    87 ||   185
 Fire: Hand crossbow     |       |    21 ||    21
 Abil: Heal Wounds       |     2 |     6 ||     8
 Stab: Sleeping          |     2 |     1 ||     3
  Eat: Chunk             |       |     3 ||     3
Armor: Robe              |    11 |    14 ||    25
Dodge: Dodged            |    52 |    73 ||   125
